TOP OF THE 1ST |
St Charles Sheens batting - Pitching for Kansas City Kings : RHP Cristóbal Gómez
|
Pitching: RHP Cristóbal Gómez
|
|
Batting: RHB Alfredo Rivera
|
0-0: Swinging Strike 0-1: Ball 1-1: Ball 2-1: Foul Ball, location: 2F 2-2: Foul Ball, location: 2F 2-2: Foul Ball, location: 2F 2-2: Ball 3-2: Base on Balls
|
Batting: LHB Jeff Carter
|
0-0: Ball 1-0: Ball 2-0: Ball 3-0: Base on Balls Alfredo Rivera to second
|
Batting: RHB Judson Backstrom
|
0-0: Called Strike 0-1: Ground out U3 (Groundball, 3S) Alfredo Rivera to third Jeff Carter to second
|
Batting: LHB Bob Ware
|
0-0: Called Strike 0-1: Ground out 4-3 (Groundball, 4M) Alfredo Rivera scores Jeff Carter to third
|
Batting: LHB Gene Cooper
|
0-0: Ball 1-0: Called Strike 1-1: Ground out 6-3 (Groundball, 6)
|
Top of the 1st over - 1 run(s), 0 hit(s), 0 error(s), 1 left on base; St Charles 1 - Kansas City 0 |
BOTTOM OF THE 1ST |
Kansas City Kings batting - Pitching for St Charles Sheens : LHP Ben Moody
|
Pitching: LHP Ben Moody
|
|
Batting: RHB Chris Chandler
|
0-0: Called Strike 0-1: Ground out 6-3 (Groundball, 6M)
|
Batting: RHB Toshimichi Kono
|
0-0: Called Strike 0-1: Ball 1-1: Ball 2-1: Swinging Strike 2-2: Ball 3-2: SINGLE (Groundball, 34D)
|
Batting: RHB Adrian Prouse
|
0-0: Swinging Strike 0-1: Ball 1-1: Swinging Strike 1-2: Ball 2-2: Strikes out looking
|
Batting: RHB Alonso Ramos
|
0-0: Ball 1-0: DOUBLE (Line Drive, 7D) Toshimichi Kono to third
|
Batting: SHB Greg Welch
|
0-0: Ball 1-0: Ball 2-0: Fly out, F8 (Line Drive, 8LS)
|
Bottom of the 1st over - 0 run(s), 2 hit(s), 0 error(s), 2 left on base; St Charles 1 - Kansas City 0 |
TOP OF THE 2ND |
St Charles Sheens batting - Pitching for Kansas City Kings : RHP Cristóbal Gómez
|
Batting: RHB Guo-xiu Choi
|
0-0: Ground out 6-3 (Groundball, 6)
|
Batting: RHB Dan Tyler
|
0-0: SINGLE (Flyball, 8LS)
|
Batting: RHB Xavier Feliciano
|
0-0: Ball 1-0: Called Strike 1-1: Hit by Pitch Dan Tyler to second
|
Batting: SHB Richard Bowman
|
0-0: Called Strike 0-1: Ball 1-1: Called Strike 1-2: Grounds into double play, 4-6-3 (Groundball, 4)
|
Top of the 2nd over - 0 run(s), 1 hit(s), 0 error(s), 1 left on base; St Charles 1 - Kansas City 0 |
BOTTOM OF THE 2ND |
Kansas City Kings batting - Pitching for St Charles Sheens : LHP Ben Moody
|
Batting: LHB Marc Nichols
|
0-0: Called Strike 0-1: Foul Ball, location: 2F 0-2: Ball 1-2: Strikes out swinging
|
Batting: RHB Shigemasa Ishida
|
0-0: Called Strike 0-1: Foul Ball, location: 2F 0-2: Ball 1-2: Strikes out looking
|
Batting: LHB William Ruffo
|
0-0: Called Strike 0-1: Foul Ball, location: 2F 0-2: Foul Ball, location: 2F 0-2: Ball 1-2: SINGLE (Line Drive, 6)
|
Batting: RHB Matt Richards
|
0-0: Ball 1-0: Called Strike 1-1: DOUBLE (Groundball, 5L) William Ruffo to third
|
Batting: RHB Chris Chandler
|
0-0: Ball 1-0: Ball 2-0: Ball 3-0: Base on Balls
|
Batting: RHB Toshimichi Kono
|
0-0: Ball 1-0: Fly out, F7 (Flyball, 78S)
|
Bottom of the 2nd over - 0 run(s), 2 hit(s), 0 error(s), 3 left on base; St Charles 1 - Kansas City 0 |
TOP OF THE 3RD |
St Charles Sheens batting - Pitching for Kansas City Kings : RHP Cristóbal Gómez
|
Batting: RHB Alfredo Rivera
|
0-0: Ball 1-0: DOUBLE (Line Drive, 8RM)
|
Batting: LHB Jeff Carter
|
0-0: Fly out, F5 (Popup, 13S)
|
Batting: RHB Judson Backstrom
|
0-0: Ball 1-0: Ball 2-0: Ball 3-0: Base on Balls
|
Batting: LHB Bob Ware
|
0-0: Ball 1-0: Foul Ball, location: 2F 1-1: Foul Ball, location: 2F 1-2: Ball 2-2: Fly out, F7 (Flyball, 7D) Runner from 2nd tags up, SAFE at 3rd, no throw
|
Batting: LHB Gene Cooper
|
0-0: Ball 1-0: Ball 2-0: Called Strike 2-1: Fly out, F8 (Flyball, 8RD)
|
Top of the 3rd over - 0 run(s), 1 hit(s), 0 error(s), 2 left on base; St Charles 1 - Kansas City 0 |
BOTTOM OF THE 3RD |
Kansas City Kings batting - Pitching for St Charles Sheens : LHP Ben Moody
|
Batting: RHB Adrian Prouse
|
0-0: Ball 1-0: Fly out, F2 (Popup, 2LF)
|
Batting: RHB Alonso Ramos
|
0-0: Ball 1-0: Called Strike 1-1: Fly out, F7 (Line Drive, 7M)
|
Batting: SHB Greg Welch
|
0-0: Foul Ball, location: 2F 0-1: Ball 1-1: Foul Ball, location: 2F 1-2: Foul Ball, location: 2F 1-2: Ball 2-2: Strikes out swinging
|
Bottom of the 3rd over - 0 run(s), 0 hit(s), 0 error(s), 0 left on base; St Charles 1 - Kansas City 0 |
TOP OF THE 4TH |
St Charles Sheens batting - Pitching for Kansas City Kings : RHP Cristóbal Gómez
|
Batting: RHB Guo-xiu Choi
|
0-0: Bunted foul 0-1: Ball 1-1: SINGLE (Line Drive, 34D)
|
Batting: RHB Dan Tyler
|
0-0: Called Strike 0-1: Ball 1-1: Ball 2-1: Ball 3-1: 2-RUN HOME RUN (Flyball, 7D), Distance : 354 ft
|
Batting: RHB Xavier Feliciano
|
0-0: Ball 1-0: Called Strike 1-1: Foul Ball, location: 2F 1-2: Ball 2-2: Foul Ball, location: 2F 2-2: Foul Ball, location: 2F 2-2: Ball 3-2: SINGLE (Groundball, 56D)
|
Batting: SHB Richard Bowman
|
0-0: Ball 1-0: Ball 2-0: Called Strike 2-1: Fly out, F1 (Popup, 15S)
|
Batting: RHB Alfredo Rivera
|
0-0: Foul Ball, location: 2F 0-1: Fly out, F7 (Line Drive, 7S)
|
Batting: LHB Jeff Carter
|
0-0: Called Strike 0-1: Ball 1-1: Fly out, F9 (Line Drive, 9M)
|
Top of the 4th over - 2 run(s), 3 hit(s), 0 error(s), 1 left on base; St Charles 3 - Kansas City 0 |
BOTTOM OF THE 4TH |
Kansas City Kings batting - Pitching for St Charles Sheens : LHP Ben Moody
|
Batting: LHB Marc Nichols
|
0-0: Ball 1-0: Ball 2-0: Fly out, F7 (Flyball, 78M)
|
Batting: RHB Shigemasa Ishida
|
0-0: Ball 1-0: Called Strike 1-1: Ball 2-1: Foul Ball, location: 2F 2-2: Ball 3-2: Base on Balls
|
Batting: LHB William Ruffo
|
Pickoff Throw to First - Out! 0-0: Fly out, F2 (Popup, 2RF)
|
Bottom of the 4th over - 0 run(s), 0 hit(s), 0 error(s), 0 left on base; St Charles 3 - Kansas City 0 |
TOP OF THE 5TH |
St Charles Sheens batting - Pitching for Kansas City Kings : RHP Cristóbal Gómez
|
Batting: RHB Judson Backstrom
|
0-0: Called Strike 0-1: SINGLE (Popup, 9LS)
|
Batting: LHB Bob Ware
|
0-0: Ball 1-0: Called Strike 1-1: Foul Ball, location: 2F 1-2: SINGLE (Line Drive, 8RS) Judson Backstrom to second
|
Batting: LHB Gene Cooper
|
0-0: Ball 1-0: Ball 2-0: Called Strike 2-1: Swinging Strike 2-2: Foul Ball, location: 2F 2-2: Ball 3-2: SINGLE (Groundball, 34D) Judson Backstrom to third Bob Ware to second Runner from 3rd tries for Home, SAFE, throw made home
|
Batting: RHB Guo-xiu Choi
|
0-0: Ball 1-0: Ball 2-0: SINGLE (Groundball, 56D) Bob Ware to third Gene Cooper to second
|
Batting: RHB Dan Tyler
|
0-0: Called Strike 0-1: Ball 1-1: Foul Ball, location: 2F 1-2: Ground out U3 (Groundball, 3S) Bob Ware scores Gene Cooper to third Guo-xiu Choi to second
|
Batting: RHB Xavier Feliciano
|
0-0: Swinging Strike 0-1: Ball 1-1: Foul Ball, location: 2F 1-2: Strikes out swinging
|
Batting: SHB Richard Bowman
|
0-0: Ball 1-0: Foul Ball, location: 2F 1-1: SINGLE (Flyball, 6MD) Gene Cooper scores Guo-xiu Choi to third Runner from 3rd tries for Home, SAFE, no throw or cutoff
|
Pitching: RHP Felipe Rodríguez
|
|
Batting: RHB Alfredo Rivera
|
0-0: Ball 1-0: Swinging Strike 1-1: Ball 2-1: Fly out, F6 (Popup, 6)
|
Top of the 5th over - 4 run(s), 5 hit(s), 0 error(s), 1 left on base; St Charles 7 - Kansas City 0 |
BOTTOM OF THE 5TH |
Kansas City Kings batting - Pitching for St Charles Sheens : LHP Ben Moody
|
Batting: RHB Matt Richards
|
0-0: Called Strike 0-1: Foul Ball, location: 2F 0-2: Ball 1-2: Strikes out looking
|
Batting: RHB Chris Chandler
|
0-0: Ball 1-0: Fly out, F9 (Flyball, 89D)
|
Batting: RHB Toshimichi Kono
|
0-0: Ball 1-0: Foul Ball, location: 2F 1-1: Foul Ball, location: 2F 1-2: SINGLE (Groundball, 6MD)
|
Batting: RHB Adrian Prouse
|
0-0: Called Strike 0-1: Fielders Choice at 2nd, 5-4 (Groundball, 56)
|
Bottom of the 5th over - 0 run(s), 1 hit(s), 0 error(s), 0 left on base; St Charles 7 - Kansas City 0 |
TOP OF THE 6TH |
St Charles Sheens batting - Pitching for Kansas City Kings : RHP Felipe Rodríguez
|
Batting: LHB Jeff Carter
|
0-0: Ball 1-0: Ball 2-0: Ball 3-0: Called Strike 3-1: Foul Ball, location: 2F 3-2: Base on Balls
|
Batting: RHB Judson Backstrom
|
0-0: Foul Ball, location: 2F 0-1: Ball 1-1: Ball 2-1: Foul Ball, location: 2F 2-2: Strikes out swinging
|
Batting: LHB Bob Ware
|
0-0: Swinging Strike 0-1: Ball 1-1: Called Strike 1-2: 2-RUN HOME RUN (Flyball, 89XD), Distance : 371 ft
|
Batting: LHB Gene Cooper
|
0-0: Ball 1-0: Ball 2-0: SINGLE (Groundball, 34D)
|
Batting: RHB Guo-xiu Choi
|
0-0: Ball 1-0: Foul Ball, location: 2F 1-1: Foul Ball, location: 2F 1-2: Strikes out swinging
|
Batting: RHB Dan Tyler
|
0-0: Fly out, F6 (Popup, 6D)
|
Top of the 6th over - 2 run(s), 2 hit(s), 0 error(s), 1 left on base; St Charles 9 - Kansas City 0 |
BOTTOM OF THE 6TH |
Kansas City Kings batting - Pitching for St Charles Sheens : LHP Ben Moody
|
Batting: RHB Alonso Ramos
|
0-0: Ball 1-0: Called Strike 1-1: Ball 2-1: Fly out, F7 (Line Drive, 7D)
|
Batting: SHB Greg Welch
|
0-0: Ball 1-0: Called Strike 1-1: Ground out 4-3 (Groundball, 4)
|
Batting: LHB Marc Nichols
|
0-0: Ball 1-0: Foul Ball, location: 2F 1-1: Foul Ball, location: 2F 1-2: Ball 2-2: Ground out 4-3 (Groundball, 13)
|
Bottom of the 6th over - 0 run(s), 0 hit(s), 0 error(s), 0 left on base; St Charles 9 - Kansas City 0 |
TOP OF THE 7TH |
St Charles Sheens batting - Pitching for Kansas City Kings : RHP Felipe Rodríguez
|
Batting: RHB Xavier Feliciano
|
0-0: Ball 1-0: Called Strike 1-1: Ball 2-1: Ball 3-1: Foul Ball, location: 2F 3-2: Strikes out swinging
|
Batting: SHB Richard Bowman
|
0-0: Ball 1-0: Called Strike 1-1: Swinging Strike 1-2: Strikes out swinging
|
Batting: RHB Alfredo Rivera
|
0-0: Ball 1-0: Ball 2-0: Ball 3-0: Called Strike 3-1: Swinging Strike 3-2: Base on Balls
|
Batting: LHB Jeff Carter
|
0-0: Ground out 4-3 (Groundball, 4)
|
Top of the 7th over - 0 run(s), 0 hit(s), 0 error(s), 1 left on base; St Charles 9 - Kansas City 0 |
BOTTOM OF THE 7TH |
Kansas City Kings batting - Pitching for St Charles Sheens : LHP Ben Moody
|
Batting: RHB Shigemasa Ishida
|
0-0: Ball 1-0: Ball 2-0: Swinging Strike 2-1: Ground out 5-3 (Groundball, 56)
|
Batting: LHB William Ruffo
|
0-0: Ball 1-0: Swinging Strike 1-1: Foul Ball, location: 2F 1-2: Ground out 6-3 (Groundball, 6MD)
|
Batting: RHB Matt Richards
|
0-0: Ball 1-0: Called Strike 1-1: Fly out, F6 (Popup, 56D)
|
Bottom of the 7th over - 0 run(s), 0 hit(s), 0 error(s), 0 left on base; St Charles 9 - Kansas City 0 |
TOP OF THE 8TH |
St Charles Sheens batting - Pitching for Kansas City Kings : RHP Felipe Rodríguez
|
Pitching: RHP Larry Jackson
|
|
Batting: RHB Judson Backstrom
|
0-0: Called Strike 0-1: Ball 1-1: SINGLE (Flyball, 89S)
|
Batting: LHB Bob Ware
|
0-0: Called Strike 0-1: Called Strike 0-2: Strikes out swinging
|
Pinch Hitting: RHB Kel Pierce
|
0-0: Called Strike 0-1: Fly out, F8 (Flyball, 8LM)
|
Batting: RHB Guo-xiu Choi
|
0-0: Ball 1-0: 2-RUN HOME RUN (Flyball, 89XD), Distance : 378 ft
|
Pinch Hitting: RHB Júlio Hernández
|
0-0: Ball 1-0: Foul Ball, location: 2F 1-1: Called Strike 1-2: Foul Ball, location: 2F 1-2: Strikes out looking
|
Top of the 8th over - 2 run(s), 2 hit(s), 0 error(s), 0 left on base; St Charles 11 - Kansas City 0 |
BOTTOM OF THE 8TH |
Kansas City Kings batting - Pitching for St Charles Sheens : LHP Ben Moody
|
Now at 3B: Max Rash
|
|
Now in RF: Júlio Hernández
|
|
Batting: RHB Chris Chandler
|
0-0: Fly out, F7 (Flyball, 78XD)
|
Batting: RHB Toshimichi Kono
|
0-0: Called Strike 0-1: Foul Ball, location: 2F 0-2: Ball 1-2: Strikes out swinging
|
Batting: RHB Adrian Prouse
|
0-0: Foul Ball, location: 2F 0-1: Ball 1-1: Swinging Strike 1-2: Foul Ball, location: 2F 1-2: Foul Ball, location: 2F 1-2: Ball 2-2: Ball 3-2: SOLO HOME RUN (Flyball, 7D), Distance : 363 ft
|
Batting: RHB Alonso Ramos
|
0-0: Ball 1-0: Swinging Strike 1-1: Foul Ball, location: 2F 1-2: Foul Ball, location: 2F 1-2: Ball 2-2: Foul Ball, location: 2F 2-2: Ball 3-2: Foul Ball, location: 2F 3-2: Foul Ball, location: 2F 3-2: Foul Ball, location: 2F 3-2: Fly out, F3 (Popup, 3F)
|
Bottom of the 8th over - 1 run(s), 1 hit(s), 0 error(s), 0 left on base; St Charles 11 - Kansas City 1 |
TOP OF THE 9TH |
St Charles Sheens batting - Pitching for Kansas City Kings : RHP Larry Jackson
|
Batting: RHB Xavier Feliciano
|
0-0: Called Strike 0-1: Called Strike 0-2: Fly out, F3 (Popup, 34S)
|
Batting: SHB Richard Bowman
|
0-0: Ball 1-0: Called Strike 1-1: Ball 2-1: Fly out, F6 (Popup, 5D)
|
Pitching: RHP Alberto Márquez
|
|
Batting: RHB Alfredo Rivera
|
0-0: Called Strike 0-1: Swinging Strike 0-2: Ball 1-2: Fly out, F8 (Flyball, 8LD)
|
Top of the 9th over - 0 run(s), 0 hit(s), 0 error(s), 0 left on base; St Charles 11 - Kansas City 1 |
BOTTOM OF THE 9TH |
Kansas City Kings batting - Pitching for St Charles Sheens : LHP Ben Moody
|
Pitching: LHP Shan Liu
|
|
Batting: SHB Greg Welch
|
0-0: Called Strike 0-1: Foul Ball, location: 2F 0-2: Ball 1-2: Ball 2-2: Ground out 5-3 (Groundball, 5L)
|
Batting: LHB Marc Nichols
|
0-0: Ball 1-0: Called Strike 1-1: Ball 2-1: Ground out 3-1 (Groundball, 34S)
|
Batting: RHB Shigemasa Ishida
|
0-0: Foul Ball, location: 2F 0-1: Swinging Strike 0-2: Fly out, F8 (Flyball, 8LM)
|
Bottom of the 9th over - 0 run(s), 0 hit(s), 0 error(s), 0 left on base; St Charles 11 - Kansas City 1 |
|